 Dungeon Crawl Stone Soup version 0.18-a0-1507-g69458e0 (webtiles) character file.

554 SlimeFever the Sneak (level 7, -3/57 HPs)
             Began as a Naga Enchanter on Mar 5, 2016.
             Was a Follower of Okawaru.
             Slain by an ice beast (10 damage)
             ... on level 5 of the Dungeon.
             The game lasted 00:37:15 (4160 turns).

SlimeFever the Sneak (Naga Enchanter)               Turns: 4160, Time: 00:37:16

Health: -3/57      AC:  7    Str: 10    XL:     7   Next: 30%
Magic:  11/11      EV: 11    Int: 16    God:    Okawaru [*.....]
Gold:   108        SH:  0    Dex: 13    Spells: 5 memorised, 2 levels left

rFire  . . .     SeeInvis +     a - +2 falchion
rCold  . . .     Gourm    .     f - +2 robe
rNeg   . . .     Faith    .     (no shield)
rPois  +         Spirit   .     i - +0 helmet
rElec  .         Dismiss  .     (no cloak)
rCorr  .         Reflect  .     o - +0 pair of gloves
SustAt .         Harm     .     (no barding)
MR     .....                    (no amulet)
Stlth  ++++......               (no ring)
                                (no ring)

@: very slow, not resistant to hostile enchantments, stealthy
A: see invisible, deformed body, poison resistance, slowness 2, slow metabolism
1, spit poison 2, wild magic 1, evolution 1, AC +2
a: Spit Poison, Heroism, Renounce Religion


You were on level 5 of the Dungeon.
You worshipped Okawaru.
Okawaru was aware of your devotion.
You were not hungry.

You visited 1 branch of the dungeon, and saw 5 of its levels.

You collected 108 gold pieces.

Inventory:

Hand Weapons
 a - a +2 falchion (weapon)
 b - a +0 blowgun
 s - a +1 dagger
Missiles
 e - 14 sling bullets
 j - 36 arrows
 k - 9 poisoned needles
 n - 24 bolts
Armour
 f - a +2 robe (worn)
 i - a +0 helmet (worn)
 o - a +0 pair of gloves (worn)
Scrolls
 h - 2 scrolls of identify
 m - a scroll of remove curse
Potions
 g - 2 potions of agility
 l - a potion of ambrosia
 q - a potion of curing
 u - a potion of might
Books
 c - a book of Maledictions

   Spells                             Type                      Level
   a - Corona                         Hexes                        1
   b - Ensorcelled Hibernation        Hexes/Ice                    2
   c - Confuse                        Hexes                        3
   d - Tukima's Dance                 Hexes                        3
   e - Dazzling Spray                 Conjuration/Hexes            3
 p - a book of Frost

   Spells                             Type                      Level
   a - Freeze                         Ice                          1
   b - Throw Frost                    Conjuration/Ice              2
   c - Ozocubu's Armour               Charms/Ice                   3
   d - Throw Icicle                   Conjuration/Ice              4
   e - Summon Ice Beast               Ice/Summoning                4


   Skills:
 + Level 1.2 Fighting
 + Level 1.7(2.0) Short Blades
 * Level 1.5(1.9) Long Blades
 * Level 3.4 Dodging
 * Level 7.7 Stealth
 + Level 2.8 Spellcasting
 * Level 4.3 Hexes
 + Level 1.2 Ice Magic


You had 2 spell levels left.
You knew the following spells:

 Your Spells              Type           Power        Failure   Level  Hunger
a - Corona                Hex            ###....      9%          1    #......
b - Ensorcelled Hibernat  Hex/Ice        ###...       22%         2    ##.....
c - Dazzling Spray        Conj/Hex       ##......     43%         3    ###....
d - Freeze                Ice            #...         26%         1    #......
e - Throw Frost           Conj/Ice       #.....       38%         2    ##.....


Dungeon Overview and Level Annotations

Branches:
Dungeon (5/15)
 Temple: D:4-7

Altars:
Okawaru


Innate Abilities, Weirdness & Mutations

You cannot wear boots.
Your serpentine skin is tough (AC +2).
You have supernaturally acute eyesight.
Armour fits poorly on your strangely shaped body.
Your system is resistant to poisons.
You cover ground very slowly.
You have a slow metabolism.
You can spit poison.
Your spells are a little harder to cast, but a little more powerful.
You evolve.


Message History

The ice beast misses you.
You hit the ice beast.
The ice beast is heavily wounded.
The ice beast closely misses you.
You barely miss the ice beast.
The ice beast is heavily wounded.
The ice beast barely misses you. x2
You hit the ice beast but do no damage.
The ice beast is heavily wounded.
The ice beast hits you. The ice beast freezes you!
* * * LOW HITPOINT WARNING * * *
You hit the ice beast but do no damage.
The ice beast is heavily wounded.
The ice beast misses you.
You slash the ice beast!
The ice beast is severely wounded.
The ice beast hits you.
* * * LOW HITPOINT WARNING * * *
The ice beast freezes you!
You die...

#.............###
############<...+
#..### #..# #..###
#..... #########
#.#### #.Y.....# #.#
#@# #.# #.# #.#####.#
#.# #.#...#.# ##.##
#.#.....####...###
#.#...#)†.........
####.##.##.####...##.
#......)##.# ##.##
#.##.......# #.#
#.#.....#### #.#


You could see an ice beast.

Vanquished Creatures
  An orc warrior (D:3)
  An ogre (D:5)
  A hound (D:5)
  An orc priest (D:3)
  An orc wizard (D:4)
  Terence (D:3)
  A worker ant (D:4)
  A killer bee zombie (D:5)
  3 gnolls (D:2)
  7 adders
  2 oozes
  7 worms
  2 dart slugs (D:1)
  A giant gecko (D:2)
  11 orcs
  10 bats
  4 giant cockroaches
  7 goblins
  8 hobgoblins
  2 jackals (D:3)
  A quokka (D:5)
  2 ball pythons
  A giant cockroach zombie (D:4)
  5 giant newts
  7 kobolds
  12 rats
100 creatures vanquished.

Vanquished Creatures (others)
  A hound (D:4)
  An orc (D:4)
2 creatures vanquished.

Grand Total: 102 creatures vanquished

Notes
Turn   | Place    | Note
--------------------------------------------------------------
     0 | D:1      | SlimeFever the Naga Enchanter began the quest for the Orb.
     0 | D:1      | Reached XP level 1. HP: 15/15 MP: 3/3
   313 | D:1      | Reached XP level 2. HP: 17/22 MP: 5/5
   319 | D:1      | Learned a level 2 spell: Ensorcelled Hibernation
   628 | D:1      | Reached skill level 5 in Stealth
   695 | D:1      | Reached XP level 3. HP: 28/28 MP: 6/6
   889 | D:2      | Learned a level 3 spell: Dazzling Spray
  1146 | D:2      | Reached skill level 6 in Stealth
  1146 | D:2      | Reached XP level 4. HP: 30/36 MP: 2/7
  1337 | D:2      | Found an iron altar of Okawaru.
  1401 | D:2      | Became a worshipper of Warmaster Okawaru
  1561 | D:2      | Reached XP level 5. HP: 21/42 MP: 8/8
  1932 | D:3      | Noticed Terence
  2102 | D:3      | Reached skill level 7 in Stealth
  2119 | D:3      | Killed Terence
  2203 | D:3      | Learned a level 1 spell: Freeze
  2263 | D:3      | Reached skill level 1 in Long Blades
  2327 | D:3      | Noticed an orc warrior
  2359 | D:3      | HP: 2/63 [orc warrior/war axe (4)]
  2360 | D:3      | Killed an orc warrior
  2360 | D:3      | Reached XP level 6. HP: 2/50 MP: 1/9
  2361 | D:3      | Gained mutation: You evolve. [potion of mutation]
  2361 | D:3      | Gained mutation: Your spells are a little harder to cast, but a little more powerful. [potion of mutation]
  2584 | D:3      | Learned a level 2 spell: Throw Frost
  2741 | D:3      | Reached skill level 1 in Ice Magic
  3074 | D:4      | Reached skill level 1 in Fighting
  3919 | D:5      | Entered Level 5 of the Dungeon
  3933 | D:5      | Reached XP level 7. HP: 26/57 MP: 11/11
  4069 | D:5      | Reached * piety under Okawaru
  4160 | D:5      | Slain by an ice beast

Vault maps used:
D:1:      matt_arrival_refuge
D:2:      minmay_statues_item, okawaru_ov_weapons_minmay
D:3:      uniq_terence
D:4:      first_bread, lemuel_flame_loot_1
D:5:      lemuel_doored_altar, nicolae_underground_beach

Skill      XL: |  1  2  3  4  5  6 |
---------------+-------------------+-----
Stealth        | 5 6 7 |  7.7
Dodging        | 2 3 |  3.4
Long Blades    | 1 |  1.5
Ice Magic      | 1 |  1.2
Fighting       | 1 |  1.2
Hexes          | 4 |  4.3
Short Blades   | |  1.7
Spellcasting   | |  2.8

Action                   |  1- 3 |  4- 6 |  7- 9 || total
-------------------------+-------+-------+-------++-------
Melee: Dagger            |    76 |    22 |       ||    98
       Falchion          |       |   206 |    34 ||   240
 Fire: Blowgun           |       |    10 |       ||    10
 Cast: Corona            |    14 |    14 |     1 ||    29
       Ensorcelled Hiber |    10 |    18 |     1 ||    29
       Freeze            |       |     5 |       ||     5
       Throw Frost       |       |     3 |       ||     3
 Abil: Spit Poison       |       |       |     2 ||     2
  Use: Scroll            |     4 |     9 |     1 ||    14
       Potion            |       |     5 |       ||     5
 Stab: Sleeping          |    20 |    20 |     3 ||    43
  Eat: Meat ration       |     1 |       |       ||     1
       Bread ration      |       |     1 |     1 ||     2
       Beef jerky        |       |     1 |       ||     1
